AoeStats
← TIMVP

Black Forest

509028927Analyzed
3v3 RM · 7d ago on Sep 25, 2026· 52m 13s· 6 players
Game mode
Random Map
Map size
Normal (6 player)
Population
200
Speed
Normal
Resources
Standard
Victory
Conquest
Starting age
Dark Age
Ending age
Imperial Age
RankedLock teamsTeams togetherTeam positionsShared explorationLock speedFull tech treeHidden civsTurbo modeCheats
Victory
Defeat
🇺🇸 Byzantines · United States
812
+12
🇺🇸 Khmer · United States
726
+15
🇭🇰 Bulgarians · Hong Kong SAR China
645
+19
🇵🇪 Romans · Peru
737
-16
🇵🇪 Malians · Peru
727
-16
🇨🇱 Khmer · Chile
679
-14
TIMVP
0:36 Loom
12:13 Feudal Age
12:49 Double-Bit Axe
13:51 Wheelbarrow
22:06 Castle Age
20:35 Scale Mail Armor
20:35 Man-at-Arms
21:56 Forging
22:57 Long Swordsman
24:16 Hand Cart
24:07 Gold Mining
26:46 Chain Mail Armor
27:06 Iron Casting
27:58 Pikeman
28:33 Horse Collar
35:05 Bow Saw
37:28 Heavy Plow
42:38 Imperial Age
42:31 Ballistas
44:29 Stone Mining
46:04 Halberdier
47:08 Heavy Scorpion
47:26 Capped Ram
49:56 Siege Ram
A†ilA
0:28 Loom
16:06 Feudal Age
18:18 Wheelbarrow
17:48 Man-at-Arms
18:29 Fishing Lines
21:14 Forging
21:04 Scale Mail Armor
22:13 Scale Mail Armor
26:49 Castle Age
32:14 Imperial Age
30:38 Fletching
30:48 Padded Archer Armor
31:50 Hand Cart
32:19 Gillnets
39:02 Squires
38:23 Pikeman
40:38 Conscription
42:29 Double-Bit Axe
Takhyom
4:14 Loom
11:35 Feudal Age
12:54 Horse Collar
13:01 Double-Bit Axe
16:58 Man-at-Arms
29:25 Wheelbarrow
30:11 Forging
30:02 Scale Mail Armor
36:31 Castle Age
36:49 Gold Mining
36:51 Stone Mining
37:51 Pikeman
39:08 Iron Casting
38:49 Chain Mail Armor
38:15 Long Swordsman
39:26 Hand Cart
39:40 Town Watch
42:12 Gold Shaft Mining
42:14 Stone Shaft Mining
44:55 Imperial Age
42:34 Town Patrol
44:01 Scale Barding Armor
44:43 Heavy Plow
44:54 Bow Saw
45:32 Halberdier
47:15 Blast Furnace
46:08 Fletching
46:48 Fervor
48:02 Crop Rotation
48:19 Chain Barding Armor
48:45 Arson
50:49 Plate Barding Armor
Horizon
0:35 Loom
13:03 Feudal Age
15:06 Wheelbarrow
15:26 Double-Bit Axe
22:28 Castle Age
24:55 Stone Mining
30:12 Horse Collar
30:59 Heavy Plow
30:52 Gold Mining
36:13 Imperial Age
36:33 Scale Mail Armor
36:39 Scale Barding Armor
36:44 Forging
37:10 Hand Cart
37:58 Elite Battle Elephant
40:40 Chemistry
39:36 Murder Holes
39:59 Chain Mail Armor
40:05 Chain Barding Armor
40:20 Iron Casting
39:58 Bow Saw
39:39 Fishing Lines
42:06 Fortified Wall
42:20 Tusk Swords
42:21 Double Crossbow
41:53 Elite Ballista Elephant
42:00 Elite Battle Elephant
48:06 Ballistics
QuiteSze lok
2:48 Loom
11:33 Feudal Age
13:50 Wheelbarrow
13:36 Horse Collar
15:00 Double-Bit Axe
18:03 Forging
17:40 Arson
19:53 Scale Mail Armor
27:52 Fletching
31:10 Castle Age
32:02 Thumb Ring
32:00 Squires
31:46 Gambesons
32:55 Hand Cart
34:05 Bodkin Arrow
34:10 Padded Archer Armor
34:46 Iron Casting
34:17 Scale Barding Armor
37:16 Fishing Lines
39:44 Bloodlines
39:35 Husbandry
43:12 Bow Saw
43:05 Heavy Plow
42:57 Gold Mining
42:58 Stone Mining
43:18 Elite Skirmisher
46:59 Imperial Age
46:16 Caravan
49:43 Leather Archer Armor
49:29 Bracer
50:29 Blast Furnace
49:51 Chain Barding Armor
49:46 Chain Mail Armor
51:32 Heavy Cavalry Archer
52:37 Parthian Tactics
nicolasvillassanta15
0:51 Loom
15:13 Feudal Age
20:58 Double-Bit Axe
21:46 Horse Collar
22:06 Fishing Lines
24:44 Castle Age
23:59 Gold Mining
23:59 Stone Mining
28:14 Gold Shaft Mining
32:40 Bow Saw
35:03 Heavy Plow
40:10 Imperial Age
37:56 Forging
37:52 Scale Barding Armor
39:43 Wheelbarrow
38:52 Crossbowman
39:40 Thumb Ring
40:59 Iron Casting
41:21 Conscription
41:25 Husbandry
41:50 Elite Cataphract
43:57 Chemistry
45:52 Logistica
46:10 Arbalester
49:27 Chain Barding Armor
Connection lost

Rejoining the realm…

Still unreachable

The connection could not be restored.

Session expired

The server has moved on; the page needs a fresh start.